 Dungeon Crawl Stone Soup version 0.27-a0-1456-gf5a116941d (webtiles) character file.

Game seed: 445014557922041120

188 Delamore the Twirler (level 6, -17/49 HPs)
             Began as a Formicid Fighter on July 6, 2021.
             Splashed by an acid dragon's acid (18 damage)
             ... on level 4 of the Dungeon.
             The game lasted 00:02:32 (3264 turns).

Delamore the Twirler (Formicid Fighter)             Turns: 3264, Time: 00:02:33

Health: -17/49     AC:  8    Str: 22    XL:     6   Next: 0%
Magic:  6/6        EV:  8    Int:  8    God:
Gold:   128        SH: 10    Dex: 10    Spells: 5/5 levels left

rFire    . . .     SeeInvis +   a - +1 quarterstaff
rCold    . . .     Faith    .   c - +1 kite shield
rNeg     . . .     Spirit   .   i - +1 ring mail {Will+}
rPois    .         Reflect  .   (helmet unavailable)
rElec    .         Harm     .   h - +1 cloak
rCorr    .         Rampage  .   (no gloves)
Will     +....                  (no boots)
Stlth    ..........             j - amulet of regeneration
HPRegen  1.16/turn              (no ring)
MPRegen  0.10/turn              (no ring)

@: no status effects
A: permanent stasis, dig shafts and tunnels, antennae 3, four strong arms
a: Dig, Shaft Self


You were on level 4 of the Dungeon.
You visited 1 branch of the dungeon, and saw 4 of its levels.

You collected 128 gold pieces.

Inventory:

Hand Weapons
 a - a +1 quarterstaff (weapon)
Missiles
 l - 38 poisoned darts
Armour
 b - a +0 scale mail
 c - a +1 kite shield (worn)
 g - a scarf of shadows
 h - a +1 cloak (worn)
 i - a +1 ring mail of willpower (worn)
Jewellery
 j - an amulet of regeneration (around neck)
Potions
 d - a potion of might
 f - a potion of curing


   Skills:
 + Level 4.6 Fighting
 * Level 4.8 Staves
 - Level 3.2 Armour
 - Level 3.6 Shields


You had 5 spell levels left.
You didn't know any spells.
Your spell library was empty.

Dungeon Overview and Level Annotations

Branches:
Dungeon (4/15)
 Temple: D:4-7

Altars:
Uskayaw


Innate Abilities, Weirdness & Mutations

You cannot be hasted, slowed, berserked, paralysed or teleported.
You can dig through walls and to a lower floor.
You have a pair of large antennae on your head. (SInv)
Your four strong arms can wield two-handed weapons with a shield.


Message History

You are too injured to fight recklessly!
You are too injured to fight recklessly!
Okay, then.
You aren't carrying any scrolls.
It was a potion of haste.
Your stasis prevents you from being hasted.
The acid dragon barely misses you.
The acid dragon claws you but does no damage.
It was a potion of heal wounds.
You feel much better. The acid dragon barely misses you.
The acid dragon claws you but does no damage.
You sock the acid dragon!
The acid dragon is heavily wounded.
The acid dragon spits acid at you. The splash of acid hits you!
You are splashed with acid!
You hit the acid dragon but do no damage.
The acid dragon is heavily wounded.
You block the acid dragon's attack.
The acid dragon claws you but does no damage.
You closely miss the acid dragon.
The acid dragon is heavily wounded.
The acid dragon bites you!
* * * LOW HITPOINT WARNING * * *
The acid dragon claws you but does no damage.
You completely miss the acid dragon.
The acid dragon is heavily wounded.
The acid dragon bites you!
* * * LOW HITPOINT WARNING * * *
The acid dragon barely misses you. You block the acid dragon's attack. x2
You sock the acid dragon!
The acid dragon is almost dead.
You block the acid dragon's attack.
The acid dragon claws you but does no damage.
You barely miss the acid dragon.
The acid dragon is almost dead.
The acid dragon spits acid at you. The splash of acid hits you.
* * * LOW HITPOINT WARNING * * *
You are splashed with acid!!
You die...

## .. #.
##.### #.#
......##D##
#.......@#
#........#
#........#
#..#...#.#
#..##..#.#
#######
#........#
#.....#
#......###
#.....#
#####.##
#.....# #.#


You could see an acid dragon (catching breath).

Vanquished Creatures
  A kobold brigand (D:4)
  3 adders
  3 dart slugs
  5 orcs
  9 ball pythons
  4 bats (D:1)
  10 endoplasms
  4 giant cockroaches
  4 hobgoblins
  9 jackals
  A quokka (D:1)
  2 frilled lizards
  8 goblins
  9 kobolds
  4 rats
76 creatures vanquished.

Notes
Turn   | Place    | Note
-------+----------+-------------------------------------------
     0 | D:1      | Delamore the Formicid Fighter began the quest for the Orb.
     0 | D:1      | Reached XP level 1. HP: 18/18 MP: 1/1
   149 | D:1      | Reached XP level 2. HP: 24/24 MP: 2/2
   538 | D:1      | Reached XP level 3. HP: 29/29 MP: 3/3
   922 | D:1      | Found a faded altar of an unknown god.
  1252 | D:2      | Found a hide-covered altar of Uskayaw.
  1631 | D:2      | Reached XP level 4. HP: 37/37 MP: 4/4
  2722 | D:4      | Reached XP level 5. HP: 40/42 MP: 5/5
  2769 | D:4      | Noticed a kobold brigand
  2783 | D:4      | Killed a kobold brigand
  3030 | D:4      | Reached XP level 6. HP: 49/49 MP: 6/6
  3250 | D:4      | Noticed an acid dragon
  3264 | D:4      | HP: 1/49 [acid dragon/splash of acid (6)]
  3264 | D:4      | Splashed by an acid dragon's acid

Illustrated notes

Levels and vault maps discovered:
D:1:      lemuel_arrival_room, layout_loops_ring,
          shapermc_ecumenical_altar_notcrosses
D:2:      layout_basic, basic_altar, grunt_ministairs_1
D:3:      layout_basic
D:4:      layout_loops_cross

Skill      XL: |  1  2  3  4 |
---------------+-------------+-----
Staves         | 3 4 |  4.8
Fighting       | 4 |  4.6
Armour         | |  3.2
Shields        | |  3.6

Action                   |  1- 3 |  4- 6 || total
-------------------------+-------+-------++-------
Melee: Quarterstaff      |   131 |   107 ||   238
  Use: Scroll            |     2 |     5 ||     7
       Potion            |       |     2 ||     2
Armor: Scale mail        |    61 |    11 ||    72
       Ring mail         |       |    20 ||    20
Dodge: Dodged            |    50 |    24 ||    74
Block: Kite shield       |    74 |    55 ||   129

Table legend: (Time is in decaauts)
 A = Elapsed time spent in this place.
 B = Non-inter-level travel time spent in this place.
 C = Inter-level travel time spent in this place.
 D = Time resting spent in this place.
 E = Time spent auto-exploring this place.
 F = Levels seen in this place.
 G = Mean time per level.
                   A        B        C        D        E       F      G
               +--------+--------+--------+--------+--------+-----+--------+
         Total |   3336 |   3194 |    142 |      0 |   2631 |   4 |  834.0 |
       Dungeon |   3336 |   3194 |    142 |      0 |   2631 |   4 |  834.0 |
               +--------+--------+--------+--------+--------+-----+--------+

Top non-repeatable levels by time:
     D:1: 1274 daAuts
     D:2: 907 daAuts
     D:4: 604 daAuts
     D:3: 549 daAuts
